 Dungeon Crawl Stone Soup version 0.17-a0-1508-ge7f3dc3 (webtiles) character file.

53 patman the Cudgeler (level 3, -1/34 HPs)
             Began as a Gargoyle Berserker on July 10, 2015.
             Was a Follower of Trog.
             Killed by divine providence
             ... invoked by an orc priest
              (13 damage)
             ... on level 3 of the Dungeon.
             The game lasted 00:02:20 (714 turns).

patman the Cudgeler (Gargoyle Berserker)             Turns: 714, Time: 00:02:20

Health: -1/34      AC:  5    Str: 25    XL:     3   Next: 89%
Magic:  3/3        EV:  9    Int:  7    God:    Trog [*.....]
Gold:   51         SH:  9    Dex: 10    Spells: 0 memorised, 2 levels left

rFire  . . .     SeeInvis .     a - +0 mace
rCold  . . .     Clarity  .     b - +0 animal skin
rNeg   + . .     SustAt   .     d - +2 shield
rPois  ∞         Gourm    .     (no helmet)
rElec  +         Spirit   .     (no cloak)
rCorr  .         Warding  .     (no gloves)
rMut   .         Stasis   .     (no boots)
MR     .....                    (no amulet)
Stlth  ..........               (no ring)
                                (no ring)

@: berserking, very quick, not resistant to hostile enchantments, extremely
unstealthy
A: negative energy resistance 1, electricity resistance, unbreathing,
petrification resistance, rot immunity, AC +3
a: Burn Spellbooks, Berserk, Renounce Religion


You were on level 3 of the Dungeon.
You worshipped Trog.
Trog was aware of your devotion.
You were not hungry.

You visited 1 branch of the dungeon, and saw 3 of its levels.

You collected 51 gold pieces.

Inventory:

Hand weapons
 a - a +0 mace (weapon)
Missiles
 g - 2 throwing nets (quivered)
Armour
 b - a +0 animal skin (worn)
 d - a +2 shield (worn)
Scrolls
 e - a scroll of immolation {unknown}
 h - a scroll of remove curse {unknown}
 j - a scroll of blinking {unknown}
 m - a scroll of fog {unknown}
Potions
 i - 2 potions of haste
 k - a potion of invisibility
Comestibles
 c - 2 bread rations
 f - a chunk of flesh
 l - a royal jelly


   Skills:
 - Level 3.2 Fighting
 + Level 4.6 Maces & Flails
 - Level 2.1 Armour
 - Level 1.5 Dodging


You had 2 spell levels left.
You didn't know any spells.

Dungeon Overview and Level Annotations

Branches:
Dungeon (3/15)

Altars:
Elyvilon
Zin
The Shining One


Innate Abilities, Weirdness & Mutations

You are resistant to torment.
Your stone body is resilient (AC +3).
You are immune to poison.
You resist negative energy.
You are resistant to electric shocks.
You can survive without breathing.
You are immune to petrification.
You are immune to rotting.


Message History

The orc wizard seems to speed up.
The orc moves out of view.
You see here 6 javelins.
You block the orc wizard's attack. The orc wizard hits you with a dagger.
Use which ability? (? or * to list)
A red film seems to cover your vision as you go berserk!
You feel yourself moving faster!
You feel mighty!
You feel quite a bit more hungry. The orc wizard hits you with a dagger.
Unknown command.
You closely miss the orc wizard. You block the orc wizard's attack.
Unknown command.
Your shield prevents you from hitting the orc wizard.
The orc wizard hits you with a dagger.
The orc wizard hits you but does no damage.
Unknown command.
You closely miss the orc wizard.
The orc wizard hits you but does no damage.
The orc priest mumbles some strange prayers to Beogh against you.
Something smites you!
You die...

#.. #.# #.# #.#
#.# #.#######
#........
##.#####(#
#...ooo@.#######
########........
#.#######
#.###########
#.##........#
#.##........#####
#.##........#....
#.##).......#....
#.##........#....


You could see an orc priest, an orc wizard and an orc.

Vanquished Creatures
  2 adders (D:3)
  2 oozes
  A worm (D:2)
  An orc (D:3)
  2 goblins
  6 hobgoblins
  4 kobolds
  A bat (D:2)
  2 giant newts
  2 rats
23 creatures vanquished.

Notes
Turn   | Place    | Note
--------------------------------------------------------------
     0 | D:1      | patman the Gargoyle Berserker began the quest for the Orb.
     0 | D:1      | Reached XP level 1. HP: 14/14 MP: 1/1
    45 | D:1      | Reached XP level 2. HP: 13/19 MP: 2/2
   186 | D:2      | Reached skill level 4 in Maces & Flails
   473 | D:2      | Found a white marble altar of Elyvilon.
   473 | D:2      | Found a glowing golden altar of the Shining One.
   474 | D:2      | Found a glowing silver altar of Zin.
   484 | D:2      | Reached XP level 3. HP: 23/23 MP: 3/3
   714 | D:3      | Killed from afar by an orc priest

Vault maps used:
D:1:      scummos_arrival_checkerplants, minivault_26, minmay_distorted
D:2:      good_gods_mini_temple, nicolae_overflow_crystal_walls, first_bread
D:3:      nicolae_overflow_hidden_temple, tgw_trog,
          hangedman_abyss_or_decor_stabs

Action                   || total
-------------------------++-------
Melee: Mace              ||    84
Invok: Berserk           ||     1
  Use: Scroll            ||     3
 Stab: Distracted        ||     1
